Map: Ascension vers Aïur EC

Players

Teodora

  • Race: Terran Terran
  • League: Platinum
  • Spawn Location: 5:00

zidar - Winner!

  • Race: Zerg Zerg
  • League: Gold
  • Spawn Location: 11:00

VOD

Have the link to the VOD?

Description

Time

  • Played on: July 28, 2017, 11:28 a.m.
  • Length: 15:43
Show
View Real Time Build Order
Export as new Build Order

Teodora Terran 

Build Orders:  

Get SALT Encoding   

  12  0:00  SCV  
  13  0:13  SCV  
  14  0:19  Supply Depot  
  14  0:25  SCV  
  15  0:40  SCV  
  16  0:48  Barracks  
  16  0:50  Refinery  
  16  0:52  SCV  
  17  1:05  SCV  
  18  1:19  SCV  
  20  1:37  Orbital Command  
  20  1:38  Reaper  
  20  1:41  Supply Depot  
  20  1:56  Command Center  
  20  2:04  SCV  
  21  2:13  Factory  
  21  2:23  SCV  
  21  2:24  Refinery  
  22  2:32  Barracks Reactor  
  22  2:36  SCV  
  23  2:54  SCV  
  23  3:04  Factory Tech Lab  
  23  3:07  SCV  
  24  3:14  Marine x2  
  26  3:20  Supply Depot  
  26  3:23  Siege Tank  
  29  3:29  SCV  
  30  3:34  Barracks  
  30  3:38  Barracks  
  30  3:39  Marine x2, SCV  
  30  3:40  Barracks  
  33  3:41  SCV  
  34  3:58  SCV x2, Supply Depot  
  36  4:09  Marine  
  38  4:12  Marine, Siege Tank  
  41  4:18  SCV  
  41  4:19  SCV, Starport  
  43  4:28  Engineering Bay x2  
  43  4:30  Barracks Tech Lab, Barracks Reactor  
  43  4:36  SCV x2  
  43  4:37  Marine  
  46  4:40  Marine  
  46  4:42  Barracks Tech Lab  
  47  4:51  SCV  
  47  4:52  Orbital Command  
  48  4:55  Marauder  
  48  4:59  Stimpack  
  50  5:01  Marine  
  50  5:02  Marine  
  52  5:07  Marine  
  52  5:08  Marine  
  52  5:09  Starport Reactor  
  52  5:12  Marine  
  55  5:15  SCV  
  56  5:25  Supply Depot  
  56  5:26  Supply Depot  
  56  5:30  SCV x2, Supply Depot  
  56  5:31  Marine x2  
  56  5:33  Marine  
  56  5:34  Marine  
  62  5:42  Terran Infantry Armor Level 1, Terran Infantry Weapons Level 1  
  62  5:50  Medivac  
  62  5:54  Refinery, SCV x2  
  62  5:55  Marine  
  62  5:56  Marine x3  
  70  6:02  Medivac  
  72  6:13  SCV x2  
  72  6:14  Marine x3, Supply Depot  
  72  6:15  Marine, Supply Depot  
  78  6:37  SCV  
  78  6:38  SCV  
  80  6:54  Marine x4, SCV x2  
  82  6:56  Siege Tank  
  89  7:02  Starport  
  89  7:04  Marauder x2  
  93  7:10  Viking x2  
  93  7:12  SCV x2  
  99  7:29  Marine x3  
  102  7:34  Supply Depot  
  102  7:35  Supply Depot  
  102  7:36  Supply Depot x2  
  102  7:42  Bunker  
  102  7:43  Command Center  
  102  7:49  Refinery  
  102  7:55  Marine x3, Siege Tank  
  102  7:56  Armory, Marine x3, SCV x2  
  102  7:57  Starport Tech Lab  
  113  8:13  Supply Depot  
  113  8:15  SCV x2  
  113  8:19  Marine x3  
  117  8:20  Marine x2  
  117  8:21  Marine  
  117  8:22  Raven  
  123  8:27  Medivac x2  
  123  8:29  SCV x2  
  129  8:50  SCV  
  129  8:51  SCV  
  131  9:04  SCV  
  131  9:05  Planetary Fortress, SCV  
  133  9:29  Marine  
  133  9:30  Marine x4  
  141  9:31  Siege Tank  
  141  9:36  Missile Turret  
  141  9:38  Missile Turret  
  141  10:03  Siege Tank  
  141  10:04  SCV x3  
  147  10:07  Refinery  
  147  10:09  Refinery, Supply Depot x2  
  147  10:10  Supply Depot  
  147  10:11  Supply Depot  
  147  10:12  Marine x2  
  147  10:13  Marine x4  
  153  10:29  SCV x3  
  153  10:30  Marine x3  
  153  10:31  Marine x3  
  162  11:02  SCV x2  
  164  11:04  Marine x4  
  164  11:05  Marine x2  
  164  11:06  Siege Tank  
  164  11:07  Medivac  
  164  11:08  Medivac  
  164  11:09  Raven  
  179  11:18  Supply Depot  
  179  11:20  Supply Depot  
  179  11:23  Supply Depot  
  179  11:24  Terran Infantry Weapons Level 2  
  179  11:25  Terran Infantry Armor Level 2  
  179  11:26  Terran Vehicle Weapons Level 1  
  179  11:34  Command Center  
  179  11:38  Siege Tank  
  182  11:56  Marine x5  
  182  11:57  Marine  
  182  11:59  Medivac x2  
  191  12:03  SCV x2  
  193  12:14  Marine x2  
  120  12:42  Marine x6  
  116  12:59  Marine  
  116  13:00  Marine x5  
  122  13:13  Barracks x4, Orbital Command  
  122  13:15  SCV x2  
  122  13:17  Marine x2  
  122  13:18  Marine x4  
  129  13:27  Liberator x2  
  129  13:35  Marine x4  
  129  13:36  Marine x2  
  129  13:40  Siege Tank  
  147  13:49  Raven  
  147  13:53  Marine x5  
  147  13:54  Marine  
  152  14:03  Barracks Reactor x2  
  152  14:04  Barracks Reactor x2  
  152  14:06  Combat Shield  
  152  14:10  Liberator x2  
  152  14:11  Marine x3  
  152  14:12  Siege Tank  
Show
View Real Time Build Order
Export as new Build Order

zidar Zerg - Winner!

Build Orders: Pool First, Muta Ling Bane 

Get SALT Encoding   

  12  0:02  Drone  
  13  0:12  Overlord  
  13  0:17  Drone  
  14  0:30  Drone  
  14  0:31  Drone  
  16  0:39  Drone  
  17  0:49  Spawning Pool  
  16  0:51  Drone  
  17  1:13  Hatchery  
  17  1:16  Drone  
  17  1:20  Extractor  
  17  1:21  Drone  
  17  1:41  Queen  
  17  1:44  Drone  
  20  1:52  Overlord  
  20  1:53  Zergling x2  
  21  1:57  Zergling x2  
  22  2:17  Queen  
  24  2:27  Metabolic Boost  
  24  2:30  Drone x2  
  24  2:31  Drone x2  
  28  2:37  Queen  
  28  2:41  Drone  
  31  3:11  Drone  
  31  3:12  Drone x4  
  36  3:27  Overlord x4  
  36  3:36  Evolution Chamber  
  36  3:37  Drone  
  36  3:41  Extractor  
  35  3:54  Drone x5  
  40  3:57  Hatchery  
  40  3:58  Overlord  
  39  4:15  Drone x6  
  45  4:28  Queen  
  47  4:49  Overlord x2  
  47  4:50  Overlord  
  47  4:54  Lair  
  47  5:00  Extractor  
  47  5:02  Extractor  
  47  5:04  Pneumatized Carapace  
  45  5:08  Baneling Nest  
  44  5:30  Drone x9  
  44  5:31  Drone x6  
  44  5:33  Overlord  
  59  6:09  Centrifical Hooks  
  59  6:12  Zerg Melee Weapons Level 1  
  59  6:19  Evolution Chamber  
  58  6:35  Zergling x32  
  58  6:36  Zergling x2  
  75  6:43  Drone x6  
  75  6:46  Overlord x2  
  81  6:49  Zerg Ground Armor Level 1  
  81  6:55  Baneling  
  81  6:56  Baneling x15  
  81  7:06  Extractor  
  81  7:08  Extractor, Zergling x10  
  80  7:09  Zergling x6  
  87  7:31  Drone x5  
  92  7:37  Drone  
  92  7:38  Drone  
  92  7:39  Spire  
  93  7:45  Zergling x8  
  93  7:46  Zergling x6  
  100  7:53  Drone  
  101  8:25  Zerg Melee Weapons Level 2  
  101  8:27  Infestation Pit  
  100  8:44  Zerg Ground Armor Level 2  
  100  8:56  Mutalisk x5  
  100  8:57  Mutalisk x2  
  100  9:02  Zergling x8  
  118  9:03  Zergling x8  
  118  9:05  Overlord x3  
  118  9:06  Overlord  
  122  9:37  Zerg Flyer Weapons Level 1  
  122  9:42  Hive  
  122  9:45  Pathogen Glands  
  122  9:49  Zergling x36  
  122  9:50  Zergling x8  
  122  9:52  Baneling  
  144  9:53  Baneling x16  
  144  9:57  Overseer  
  144  10:01  Drone  
  144  10:05  Hatchery  
  144  10:36  Hatchery  
  143  10:54  Mutalisk  
  145  10:58  Overlord x3  
  145  10:59  Overlord x2  
  145  11:02  Adrenal Glands  
  145  11:08  Zerg Ground Armor Level 3  
  145  11:09  Zerg Melee Weapons Level 3  
  145  11:10  Ultralisk Cavern  
  144  11:53  Baneling x12  
  144  11:54  Baneling x9  
  144  11:57  Zergling x22  
  144  11:58  Zergling x26  
  167  12:04  Overlord  
  167  12:08  Chitinous Plating  
  107  12:46  Mutalisk x3  
  107  12:47  Mutalisk x3  
  115  13:14  Zergling x22  
  115  13:15  Zergling x16  
  128  13:38  Ultralisk  
  128  13:39  Ultralisk x2  
  146  13:44  Ultralisk  
  152  13:54  Extractor  
  151  13:57  Extractor  
  150  14:10  Baneling x13  
  150  14:47  Drone x3  
  153  14:56  Infestor x3  
  153  14:58  Infestor  
  161  15:02  Zergling x18  
  161  15:03  Zergling x10  
Tags
 
Add a new tag
Caveats
  • Supply blocks, unpowered buildings, or Contaminate may cause inaccurate times.
  • Supply counts are checked every 10 seconds.